 Dungeon Crawl Stone Soup version 0.29.0-4-gdea44cf6ec (webtiles) character file.

Game seed: 14204794712833534533

55409 qw the Severer (level 14, -16/135 HPs)
             Began as a Minotaur Berserker on Sept 4, 2022.
             Was an Elder of Trog.
             Demolished by a dire elephant (26 damage)
             ... on level 5 of the Lair of Beasts.
             The game lasted 00:07:06 (22011 turns).

qw the Severer (Minotaur Berserker)                Turns: 22011, Time: 00:07:07

Health: -16/135    AC: 22    Str: 31    XL:     14   Next: 38%
Magic:  0/13       EV: 14    Int:  4    God:    Trog [****..]
Gold:   682        SH: 12    Dex: 10    Spells: 13/13 levels left

rFire   . . .      SeeInvis .   d - +4 broad axe of the Evening {vorpal, rCorr Str+4 Stlth+}
rCold   + . .      Faith    .   v - +0 kite shield
rNeg    . . .      Spirit   +   z - +4 chain mail {rC+}
rPois   +          Reflect  .   u - +2 hat
rElec   .          Harm     .   s - scarf {repulsion}
rCorr   +          Rampage  .   n - +0 pair of gloves
Will    +....                   g - +1 pair of boots
Stlth   ..........              r - amulet of guardian spirit
HPRegen 0.32/turn               h - ring of poison resistance
MPRegen 0.13/turn               a - +4 ring of evasion

@: about to teleport, on berserk cooldown, slowed, repel missiles, very slow
A: horns 2, retaliatory headbutt
a: Renounce Religion, Berserk, Trog's Hand, Brothers in Arms


You were on level 5 of the Lair of Beasts.
You worshipped Trog.
Trog was greatly pleased with you.
You visited 2 branches of the dungeon, and saw 16 of its levels.

You collected 1098 gold pieces.
You spent 416 gold pieces at shops.


Innate Abilities, Weirdness & Mutations

You have a pair of horns on your head.
You reflexively headbutt those who attack you in melee.


   Skills:
 - Level 15.0 Fighting
 - Level 18.0 Axes
 - Level 2.2 Throwing
 - Level 11.0 Armour
 + Level 6.9 Dodging
 - Level 15.0 Shields


You had 13 spell levels left.
You didn't know any spells.
Your spell library was empty.

Inventory:

Hand Weapons
 d - the +4 broad axe of the Evening (weapon) {vorpal, rCorr Str+4 Stlth+}
   (You acquired it on level 1 of the Lair of Beasts)

   It inflicts extra damage upon your enemies.
   Str:       It affects your strength (+4).
   rCorr:     It protects you from acid and corrosion.
   Stlth:     It makes you more stealthy.
 j - a -1 demon whip of venom
Armour
 g - a +1 pair of boots (worn)
 n - a +0 pair of gloves (worn)
 s - a scarf of repulsion (worn)
 u - a +2 hat (worn)
 v - a +0 kite shield (worn)
 y - a +0 cloak
 z - a +4 chain mail of cold resistance (worn)
Jewellery
 a - a +4 ring of evasion (right hand)
 b - a +4 ring of protection
 h - a ring of poison resistance (left hand)
 m - an amulet of the acrobat
 r - an amulet of guardian spirit (around neck)
Scrolls
 f - 5 scrolls of identify
 p - a scroll of enchant weapon
 x - 2 scrolls of teleportation
Potions
 c - 5 potions of heal wounds
 e - a potion of resistance
 i - 3 potions of curing
 k - 6 potions of might
 l - 2 potions of mutation
 o - 3 potions of haste
 t - 2 potions of cancellation

Dungeon Overview and Level Annotations

Branches:
Dungeon (11/15)            Temple (0/1) D:4            Lair (5/5) D:11
  Swamp (0/4) Lair:2        Snake (0/4) Lair:2        Slime (0/5) Lair:5
    Orc (0/2) D:9

Altars:
Cheibriados
Makhleb
Yredelemnul
Jiyva

Shops:
D:1 ![[[(   D:7 =   D:9 [:   D:10 =


Message History

You hit the dire elephant but do no damage.
The catoblepas gores you but does no damage.
You slice the catoblepas!!
The catoblepas is severely wounded.
You hit the dire elephant.
Your ogre hits the catoblepas with a +0 giant club!
The dire elephant tramples you!!
You hold your ground!
The dire elephant closely misses you.
The catoblepas breathes a plume of calcifying dust at your ogre.
The blast of calcifying dust hits your ogre!
Your ogre is engulfed in calcifying dust.
Your ogre is moving more slowly.
Your ogre hits the catoblepas with a +0 giant club!
The catoblepas dies!
Trog accepts your kill.
You hit the dire elephant but do no damage.
Your headbutt misses the dire elephant.
The dire elephant is lightly wounded.
You closely miss the rime drake. You block the dire elephant's attack.
The dire elephant trunk-slaps you but does no damage.
Your ogre is engulfed in calcifying dust.
Your ogre stops moving altogether!
You barely miss the dire elephant.
The dire elephant is lightly wounded.
You hit the lindwurm but do no damage.
Your ogre is engulfed in calcifying dust.
The dire elephant tramples you!!
You hold your ground!
The dire elephant misses you.
22011 ||| READING 3 scrolls of teleportation.
As you read the scroll of teleportation, it crumbles to dust.
You feel strangely unstable.
Your ogre is engulfed in calcifying dust.
The dire elephant tramples you!
You hold your ground!
The dire elephant trunk-slaps you but does no damage.
The lindwurm breathes flames at you. The blast of flame misses you.
Your ogre is engulfed in calcifying dust.
The dire elephant tramples you!!
You die...

~~~...P~.~...###########..#.....#
.............P# #..#P#...#%....##
..............####......#.%%..#..
.#.#....#....###....#.#...##.....
.####.#.....## #..........##.....
.........<..# ##.....#.....#.....
............###.....##.....##....
#..#..#......##..#####.....##....
###..###.#...#.O@# #....P##....
####..##.#..##.Yk# ####.#######
##.....#.P..##..kH...# ### #
.P.#........###..#.### ####
.....%##....# #P..... ##...
.#.....##...# #....#... #....
..#..P.###..# ##....... #....
###..P####..# ##...#.. ##...
###.####.#..# ...# #...


You could see a dire elephant (ally target), a manticore, a lindwurm (catching
breath), a rime drake and a friendly ogre (summoned, berserk, petrified).

Vanquished Creatures
  Gastronok (Lair:1)
  Harold (D:9)
  A boulder beetle (Lair:3)
  A centaur warrior (D:10)
  A catoblepas (Lair:1)
  3 two-headed ogres
  2 death yaks (Lair:5)
  Sonja (Lair:5)
  Nergalle (D:11)
  Amaemon (Lair:3)
  A lindwurm (Lair:5)
  Pikel (D:7)
  A manticore (Lair:5)
  18 elephants
  A torpor snail (Lair:5)
  3 black mambas (Lair:5)
  14 cane toads
  An orange demon (Lair:3)
  2 unseen horrors (D:10)
  A kobold demonologist (D:11)
  4 rime drakes
  6 komodo dragons
  A polar bear (Lair:3)
  2 hornets (D:10)
  3 trolls
  Grinder (D:3)
  15 blink frogs
  6 slime creatures (D:11)
  7 dream sheep (Lair:5)
  A spriggan (D:7)
  4 basilisks
  59 yaks
  4 wyverns
  3 steam dragons
  3 vampire mosquitoes (D:10)
  3 nagas (Lair:2)
  3 acid dragons
  14 water moccasins
  6 orc warriors
  An ice beast (D:5)
  A sky beast (D:6)
  2 black bears
  A swamp drake (Lair:5)
  13 wolves
  5 ogres
  7 centaurs
  3 lemures (D:7)
  20 kobold brigands
  12 bullfrogs
  3 necrophages
  2 gnoll sergeants (D:9)
  A wyvern zombie (D:6)
  3 scorpions
  9 wights
  A howler monkey (D:9)
  4 electric eels (D:11)
  A vampire bat (D:5)
  4 orc priests
  A gnoll bouda (D:6)
  2 jellies
  3 hounds
  Jessica (D:2)
  4 iguanas
  15 orc wizards
  7 hell rats
  A howler monkey zombie (D:6)
  Robin (D:3)
  15 gnolls
  7 adders
  9 river rats (Lair:4)
  A shadow imp (D:6)
  A white imp (D:7)
  2 ufetubi (D:5)
  3 worms (D:2)
  A dart slug (D:1)
  3 fire bats (D:5)
  40 orcs
  2 spectral bats (D:5)
  11 ball pythons
  3 bat skeletons (D:5)
  A bat zombie (D:5)
  7 endoplasms
  7 giant cockroaches
  12 goblins
  12 hobgoblins
  11 jackals
  20 kobolds
  6 quokkas
  12 bats
  A bat simulacrum (D:5)
  4 frilled lizards
  7 rats
  A bush (Lair:4)
  A butterfly (Lair:3)
529 creatures vanquished.

Vanquished Creatures (collateral kills)
  4 hydras
  A catoblepas (Lair:5)
  A death yak (Lair:5)
  A torpor snail (Lair:5)
  A cane toad (Lair:1)
8 creatures vanquished.

Vanquished Creatures (others)
  39 fungi
  58 plants
97 creatures vanquished.

Grand Total: 634 creatures vanquished

Notes
Turn   | Place    | Note
-------+----------+-------------------------------------------
     0 | D:1      | qw the Minotaur Berserker began the quest for the Orb.
     0 | D:1      | Reached XP level 1. HP: 19/19 MP: 0/0
     0 | D:1      | 0 ||| qw: Version: 0.1-a-103-gd6f5d3a
     0 | D:1      | 0 ||| qw: Game counter: 5553
     0 | D:1      | 0 ||| qw: Always use a shield: true
     0 | D:1      | 0 ||| qw: Do Orc after D:15 true
     0 | D:1      | 0 ||| qw: Do second Lair branch before Depths: true
     0 | D:1      | 0 ||| qw: Lair rune preference: random
     0 | D:1      | 0 ||| qw: Plans: Normal
     0 | D:1      | 0 ||| PLANNING D:1-11
    46 | D:1      | Reached skill level 4 in Axes
   196 | D:1      | Reached XP level 2. HP: 25/26 MP: 1/1
   218 | D:1      | Found Tifuerch's Antique Armour Shoppe.
   224 | D:1      | 224 ||| SHOPLISTING leather armour (46 gold, have 26).
   224 | D:1      | 224 ||| SHOPLISTING pair of runed boots (172 gold, have
                  | 26).
   224 | D:1      | 224 ||| SHOPLISTING ring mail (92 gold, have 26).
   224 | D:1      | 224 ||| SHOPLISTING runed robe (85 gold, have 26).
   224 | D:1      | 224 ||| SHOPLISTING scale mail (92 gold, have 26).
   224 | D:1      | 224 ||| SHOPLISTING shiny scale mail (161 gold, have 26).
   244 | D:1      | 244 ||| Stepping ~*~*~tactically~*~*~ (stealth).
   246 | D:1      | 246 ||| Stepping ~*~*~tactically~*~*~ (stealth).
   568 | D:1      | 568 ||| DROPPING +0 club.
   590 | D:1      | Reached skill level 5 in Axes
   637 | D:1      | Found Valuqab's Armour Boutique.
   640 | D:1      | Found Caump's Weapon Shoppe.
   644 | D:1      | 644 ||| SHOPLISTING +0 chain mail (45 gold, have 38).
   644 | D:1      | 644 ||| BUYING +0 leather armour (20 gold).
   644 | D:1      | Bought a +0 leather armour for 20 gold pieces
   644 | D:1      | 644 ||| SHOPLISTING +0 ring mail (40 gold, have 18).
   644 | D:1      | 644 ||| SHOPLISTING +0 scale mail (40 gold, have 18).
   644 | D:1      | 644 ||| SHOPLISTING +3 scale mail of cold resistance (260
                  | gold, have 18).
   645 | D:1      | Reached XP level 3. HP: 31/31 MP: 2/2
   655 | D:1      | 655 ||| SHOPLISTING +0 war axe (42 gold, have 18).
   849 | D:1      | Found Xuavir's Distillery.
   859 | D:1      | 859 ||| BUYING potion of curing (36 gold).
   859 | D:1      | Bought a potion of curing for 36 gold pieces
   859 | D:1      | 859 ||| SHOPLISTING potion of curing (36 gold, have 10).
   859 | D:1      | 859 ||| SHOPLISTING potion of might (48 gold, have 10).
  1029 | D:1      | 1029 ||| Stepping ~*~*~tactically~*~*~ (stealth).
  1033 | D:1      | Reached ** piety under Trog
  1047 | D:1      | Found Moclaiph's Armour Shop.
  1051 | D:1      | 1051 ||| SHOPLISTING +0 pair of gloves (45 gold, have 10).
  1051 | D:1      | 1051 ||| SHOPLISTING +0 ring mail (40 gold, have 10).
  1051 | D:1      | 1051 ||| SHOPLISTING +0 scale mail (40 gold, have 10).
  1110 | D:1      | 1110 ||| UPGRADING to +0 leather armour.
  1120 | D:1      | 1120 ||| DROPPING +0 animal skin.
  1121 | D:1      | 1121 ||| UPGRADING to ring of positive energy.
  1122 | D:1      | 1122 ||| DROPPING ring of magical power.
  1123 | D:1      | 1123 ||| READING scroll labelled ECIPHE HEXZOLU.
  1124 | D:1      | 1124 ||| READING scroll labelled ALILIQ SUIKH.
  1125 | D:1      | 1125 ||| READING scroll labelled LACOHY ACSA.
  1225 | D:2      | 1225 ||| FLEEEEING.
  1226 | D:2      | 1226 ||| FLEEEEING.
  1231 | D:2      | 1231 ||| STAIRDANCE
  1564 | D:2      | Noticed Jessica
  1567 | D:2      | Killed Jessica
  1568 | D:2      | Reached skill level 6 in Axes
  1568 | D:2      | Reached XP level 4. HP: 39/39 MP: 3/3
  1663 | D:2      | 1663 ||| Stepping ~*~*~tactically~*~*~ (stealth).
  1671 | D:2      | 1671 ||| Stepping ~*~*~tactically~*~*~ (stealth).
  1673 | D:2      | 1673 ||| Stepping ~*~*~tactically~*~*~ (stealth).
  2350 | D:2      | 2350 ||| UPGRADING to +0 robe of fire resistance.
  2360 | D:2      | 2360 ||| DROPPING +0 leather armour.
  2361 | D:2      | 2361 ||| UPGRADING to +0 ring mail.
  2371 | D:2      | 2371 ||| READING scroll labelled UNUONA AWICESM.
  2372 | D:2      | 2372 ||| READING scroll labelled ERYEW OXUI.
  2373 | D:2      | 2373 ||| READING scroll labelled VAOFERR ZUMEC.
  2474 | D:2      | 2474 ||| DRINKING 2 lumpy golden potions.
  2492 | D:3      | 2492 ||| INVOKING Berserk.
  2501 | D:3      | Reached XP level 5. HP: 45/45 MP: 4/4
  2701 | D:3      | Reached skill level 7 in Axes
  2764 | D:3      | Noticed Grinder
  2765 | D:3      | 2765 ||| INVOKING Trog's Hand.
  2768 | D:3      | 2768 ||| INVOKING Berserk.
  2777 | D:3      | Killed Grinder
  2778 | D:3      | Reached skill level 6 in Fighting
  2778 | D:3      | Reached XP level 6. HP: 57/57 MP: 5/5
  2978 | D:3      | 2978 ||| INVOKING Berserk.
  3076 | D:3      | Noticed Robin
  3081 | D:3      | 3081 ||| INVOKING Berserk.
  3083 | D:3      | Killed Robin
  3261 | D:3      | Found a faded altar of an unknown god.
  3654 | D:3      | 3654 ||| DROPPING +0 robe of fire resistance.
  3655 | D:3      | 3655 ||| UPGRADING to +0 scale mail.
  3665 | D:3      | 3665 ||| DROPPING +0 ring mail.
  3666 | D:3      | 3666 ||| UPGRADING to scarf of repulsion.
  3671 | D:3      | 3671 ||| READING scroll labelled WAJOUMILI.
  3672 | D:3      | 3672 ||| READING scroll labelled REJUNA OMIU.
  3673 | D:3      | 3673 ||| READING 2 scrolls labelled JIOSIS WETOEMP.
  3674 | D:3      | 3674 ||| READING scroll labelled UPNIOKO PICSEVI.
  3675 | D:3      | 3675 ||| READING scroll labelled SOFIOBUONK.
  3679 | D:3      | 3679 ||| DROPPING scroll of fog.
  3743 | D:3      | 3743 ||| Stepping randomly (stuck).
  4028 | D:3      | 4028 ||| Stepping ~*~*~tactically~*~*~ (stealth).
  4029 | D:3      | 4029 ||| Stepping ~*~*~tactically~*~*~ (stealth).
  4239 | D:4      | 4239 ||| SWAPPING to +0 broad axe.
  4240 | D:4      | 4240 ||| DROPPING +1 hand axe.
  4353 | D:4      | 4353 ||| INVOKING Berserk.
  4362 | D:4      | Reached *** piety under Trog
  4363 | D:4      | Reached skill level 8 in Axes
  4467 | D:4      | 4467 ||| DROPPING +0 whip.
  4530 | D:4      | Reached XP level 7. HP: 45/63 MP: 6/6
  4809 | D:4      | Found a staircase to the Ecumenical Temple.
  5149 | D:4      | 5149 ||| UPGRADING to +0 chain mail.
  5159 | D:4      | 5159 ||| DROPPING +0 scale mail.
  5160 | D:4      | 5160 ||| DRINKING 2 brown potions.
  5161 | D:4      | 5161 ||| READING 2 scrolls of identify.
  5161 | D:4      | 5161 ||| IDENTIFYING glowing clear potion
  5162 | D:4      | 5162 ||| DROPPING potion of brilliance.
  5163 | D:4      | 5163 ||| DROPPING potion of flight.
  5194 | D:5      | Entered Level 5 of the Dungeon
  5246 | D:5      | 5246 ||| Stepping ~*~*~tactically~*~*~ (stealth).
  5250 | D:5      | 5250 ||| Stepping ~*~*~tactically~*~*~ (stealth).
  5386 | D:5      | Reached skill level 9 in Axes
  5540 | D:5      | Reached skill level 3 in Armour
  5700 | D:5      | 5700 ||| Stepping ~*~*~tactically~*~*~ (stealth).
  5702 | D:5      | 5702 ||| Stepping ~*~*~tactically~*~*~ (hiding).
  5707 | D:5      | 5707 ||| DRINKING 2 potions of curing.
  5707 | D:5      | 5707 ||| (to cure confusion)
  5708 | D:5      | Reached **** piety under Trog
  5718 | D:5      | 5718 ||| Stepping ~*~*~tactically~*~*~ (stealth).
  5722 | D:5      | 5722 ||| Stepping ~*~*~tactically~*~*~ (stealth).
  5723 | D:5      | 5723 ||| Stepping ~*~*~tactically~*~*~ (stealth).
  5736 | D:5      | 5736 ||| INVOKING Berserk.
  5927 | D:5      | 5927 ||| INVOKING Berserk.
  5931 | D:5      | Reached skill level 10 in Axes
  5931 | D:5      | Reached XP level 8. HP: 62/70 MP: 7/7
  6082 | D:5      | 6082 ||| INVOKING Berserk.
  6515 | D:5      | Reached skill level 11 in Axes
  6638 | D:5      | 6638 ||| INVOKING Berserk.
  6940 | D:5      | 6940 ||| READING 2 scrolls labelled JER MISCHIMNAYTTEXE.
  6941 | D:5      | 6941 ||| READING 2 scrolls of identify.
  6941 | D:5      | 6941 ||| IDENTIFYING orange potion
  6942 | D:5      | 6942 ||| DROPPING potion of ambrosia.
  6943 | D:5      | 6943 ||| DROPPING scroll of poison.
  6944 | D:5      | 6944 ||| Stepping randomly (stuck).
  6945 | D:5      | 6945 ||| Stepping ~*~*~tactically~*~*~ (cloud).
  7106 | D:6      | 7106 ||| INVOKING Berserk.
  7164 | D:6      | 7164 ||| Stepping ~*~*~tactically~*~*~ (stealth).
  7201 | D:6      | 7201 ||| INVOKING Berserk.
  7218 | D:6      | Reached skill level 12 in Axes
  7386 | D:6      | 7386 ||| INVOKING Berserk.
  7398 | D:6      | 7398 ||| DRINKING potion of curing.
  7398 | D:6      | 7398 ||| (to cure confusion)
  7708 | D:6      | Reached XP level 9. HP: 78/79 MP: 8/8
  7966 | D:6      | Found a basalt altar of Yredelemnul.
  7982 | D:6      | Reached skill level 13 in Axes
  8025 | D:6      | 8025 ||| Stepping ~*~*~tactically~*~*~ (hiding).
  8027 | D:6      | 8027 ||| Stepping ~*~*~tactically~*~*~ (hiding).
  8029 | D:6      | 8029 ||| Stepping ~*~*~tactically~*~*~ (hiding).
  8030 | D:6      | 8030 ||| INVOKING Berserk.
  8052 | D:6      | 8052 ||| Stepping ~*~*~tactically~*~*~ (stealth).
  8245 | D:6      | 8245 ||| UPGRADING to +0 plate armour.
  8255 | D:6      | 8255 ||| DROPPING +0 chain mail.
  8256 | D:6      | 8256 ||| UPGRADING to +4 ring of evasion.
  8285 | D:7      | 8285 ||| Stepping ~*~*~tactically~*~*~ (hiding).
  8503 | D:7      | Found a burning altar of Makhleb.
  8611 | D:7      | 8611 ||| Stepping ~*~*~tactically~*~*~ (hiding).
  8612 | D:7      | 8612 ||| Stepping ~*~*~tactically~*~*~ (hiding).
  8616 | D:7      | 8616 ||| INVOKING Berserk.
  8621 | D:7      | Reached skill level 6 in Armour
  8780 | D:7      | Found Iloakh's Jewellery Emporium.
  8786 | D:7      | 8786 ||| SHOPLISTING +6 ring of dexterity (432 gold, have
                  | 383).
  8786 | D:7      | 8786 ||| SHOPLISTING +6 ring of strength (432 gold, have
                  | 383).
  8786 | D:7      | 8786 ||| BUYING amulet of guardian spirit (360 gold).
  8786 | D:7      | Bought an amulet of guardian spirit for 360 gold pieces
  8786 | D:7      | 8786 ||| SHOPLISTING amulet of regeneration (360 gold, have
                  | 23).
  8786 | D:7      | 8786 ||| SHOPLISTING ring of ice (300 gold, have 23).
  8786 | D:7      | 8786 ||| SHOPLISTING ring of see invisible (180 gold, have
                  | 23).
  8848 | D:7      | Noticed Pikel
  8849 | D:7      | 8849 ||| Stepping ~*~*~tactically~*~*~ (stealth).
  8851 | D:7      | 8851 ||| Stepping ~*~*~tactically~*~*~ (hiding).
  8855 | D:7      | 8855 ||| Stepping ~*~*~tactically~*~*~ (hiding).
  8859 | D:7      | 8859 ||| INVOKING Berserk.
  8864 | D:7      | Killed Pikel
  8865 | D:7      | Reached skill level 14 in Axes
  9135 | D:7      | 9135 ||| UPGRADING to +0 pair of boots.
  9140 | D:7      | 9140 ||| UPGRADING to +0 buckler.
  9145 | D:7      | 9145 ||| UPGRADING to +1 hat.
  9150 | D:7      | 9150 ||| UPGRADING to amulet of guardian spirit.
  9155 | D:7      | 9155 ||| DRINKING 2 coppery potions.
  9162 | D:8      | 9162 ||| STAIRDANCE
  9174 | D:8      | 9174 ||| STAIRDANCE
  9178 | D:7      | Reached skill level 1 in Shields
  9207 | D:8      | 9207 ||| Stepping ~*~*~tactically~*~*~ (hiding).
  9208 | D:8      | 9208 ||| Stepping ~*~*~tactically~*~*~ (hiding).
  9212 | D:8      | Reached XP level 10. HP: 84/88 MP: 9/9
  9435 | D:8      | 9435 ||| Stepping ~*~*~tactically~*~*~ (cloud).
  9437 | D:8      | 9437 ||| Stepping ~*~*~tactically~*~*~ (cloud).
  9440 | D:8      | 9440 ||| INVOKING Berserk.
  9445 | D:8      | Reached skill level 3 in Shields
  9787 | D:8      | 9787 ||| Stepping ~*~*~tactically~*~*~ (stealth).
  9792 | D:8      | 9792 ||| INVOKING Berserk.
 10117 | D:8      | 10117 ||| READING scroll labelled ORIAQI ZIGEFIERCH.
 10261 | D:8      | 10261 ||| READING 2 scrolls of identify.
 10261 | D:8      | 10261 ||| IDENTIFYING metallic sapphire potion
 10286 | D:9      | Reached skill level 1 in Throwing
 10369 | D:9      | 10369 ||| Stepping ~*~*~tactically~*~*~ (stealth).
 10466 | D:9      | Found a snail-covered altar of Cheibriados.
 10466 | D:9      | Found Cheibriados's Comfort Zone.
 10479 | D:9      | 10479 ||| SHOPLISTING +9 plate armour of ponderousness (630
                  | gold, have 58).
 10492 | D:9      | Found a staircase to the Orcish Mines.
 10493 | D:9      | 10493 ||| INVOKING Berserk.
 10505 | D:9      | Reached skill level 15 in Axes
 10514 | D:9      | Reached skill level 9 in Fighting
 10613 | D:9      | Reached skill level 3 in Dodging
 10619 | D:9      | 10619 ||| INVOKING Berserk.
 10851 | D:9      | 10851 ||| Stepping ~*~*~tactically~*~*~ (hiding).
 10852 | D:9      | Noticed a two-headed ogre
 10853 | D:9      | 10853 ||| INVOKING Berserk.
 10857 | D:9      | Killed a two-headed ogre
 10858 | D:9      | Reached skill level 16 in Axes
 10858 | D:9      | Reached XP level 11. HP: 97/97 MP: 8/10
 10921 | D:9      | 10921 ||| Stepping ~*~*~tactically~*~*~ (stealth).
 10923 | D:9      | 10923 ||| Stepping ~*~*~tactically~*~*~ (stealth).
 10927 | D:9      | Reached skill level 6 in Shields
 10927 | D:9      | 10927 ||| Stepping ~*~*~tactically~*~*~ (hiding).
 11083 | D:9      | Found Bumn's Book Emporium.
 11086 | D:9      | 11086 ||| Stepping ~*~*~tactically~*~*~ (hiding).
 11087 | D:9      | 11087 ||| Stepping ~*~*~tactically~*~*~ (hiding).
 11245 | D:9      | Noticed Harold
 11246 | D:9      | 11246 ||| INVOKING Berserk.
 11253 | D:9      | Killed Harold
 11697 | D:9      | 11697 ||| UPGRADING to +0 kite shield.
 11707 | D:9      | 11707 ||| DROPPING +0 buckler.
 11708 | D:9      | 11708 ||| UPGRADING to +4 chain mail of cold resistance.
 11718 | D:9      | 11718 ||| DROPPING +0 plate armour.
 11719 | D:9      | 11719 ||| UPGRADING to +4 ring of protection.
 11721 | D:9      | 11721 ||| DROPPING ring of positive energy.
 11722 | D:9      | 11722 ||| DRINKING 3 golden potions.
 11723 | D:9      | 11723 ||| READING 3 scrolls of identify.
 11723 | D:9      | 11723 ||| IDENTIFYING cyan potion
 11724 | D:9      | 11724 ||| READING 2 scrolls of identify.
 11724 | D:9      | 11724 ||| IDENTIFYING pink potion
 11725 | D:9      | 11725 ||| DROPPING potion of magic.
 11748 | D:10     | Entered Level 10 of the Dungeon
 11764 | D:10     | Found a snail-covered altar of Cheibriados.
 11782 | D:10     | 11782 ||| INVOKING Berserk.
 11942 | D:10     | Noticed a centaur warrior
 11955 | D:10     | Killed a centaur warrior
 12028 | D:10     | 12028 ||| INVOKING Berserk.
 12190 | D:10     | 12190 ||| Stepping ~*~*~tactically~*~*~ (hiding).
 12191 | D:10     | 12191 ||| Stepping ~*~*~tactically~*~*~ (hiding).
 12241 | D:10     | Found Ageytest's Jewellery Emporium.
 12359 | D:10     | 12359 ||| Stepping randomly (disturbance).
 12360 | D:10     | 12360 ||| Stepping randomly (disturbance).
 12377 | D:10     | Reached skill level 9 in Shields
 12442 | D:10     | 12442 ||| INVOKING Berserk.
 12616 | D:10     | 12616 ||| Stepping ~*~*~tactically~*~*~ (hiding).
 12618 | D:10     | 12618 ||| Stepping ~*~*~tactically~*~*~ (hiding).
 12777 | D:10     | Noticed a two-headed ogre
 12781 | D:10     | 12781 ||| INVOKING Berserk.
 12785 | D:10     | Killed a two-headed ogre
 13186 | D:10     | 13186 ||| DROPPING amulet of faith.
 13187 | D:10     | 13187 ||| READING scroll labelled ETZEIXOIDOM.
 13188 | D:10     | 13188 ||| DRINKING 2 green potions.
 13189 | D:10     | 13189 ||| DROPPING potion of degeneration.
 13238 | D:11     | Noticed a four-headed hydra
 13239 | D:11     | 13239 ||| INVOKING Brothers in Arms.
 13242 | D:11     | 13242 ||| SWAPPING to +0 flail.
 13244 | D:11     | 13244 ||| INVOKING Brothers in Arms.
 13245 | D:11     | 13245 ||| INVOKING Berserk.
 13247 | D:11     | Killed a four-headed hydra
 13252 | D:11     | 13252 ||| SWAPPING to +0 broad axe.
 13401 | D:11     | Noticed a two-headed ogre
 13402 | D:11     | 13402 ||| INVOKING Berserk.
 13405 | D:11     | Killed a two-headed ogre
 13588 | D:11     | Found a staircase to the Lair.
 13615 | D:11     | 13615 ||| INVOKING Berserk.
 13770 | D:11     | 13770 ||| INVOKING Berserk.
 13957 | D:11     | 13957 ||| FLEEEEING.
 13962 | D:11     | 13962 ||| Stepping ~*~*~tactically~*~*~ (water).
 13963 | D:11     | 13963 ||| INVOKING Berserk.
 13970 | D:11     | Reached skill level 17 in Axes
 14098 | D:11     | 14098 ||| INVOKING Berserk.
 14273 | D:11     | 14273 ||| Stepping ~*~*~tactically~*~*~ (stealth).
 14276 | D:11     | 14276 ||| Stepping ~*~*~tactically~*~*~ (stealth).
 14296 | D:11     | Reached XP level 12. HP: 92/105 MP: 11/11
 14327 | D:11     | 14327 ||| FLEEEEING.
 14750 | D:11     | Noticed Nergalle
 14753 | D:11     | 14753 ||| INVOKING Berserk.
 14761 | D:11     | Killed Nergalle
 15026 | D:11     | 15026 ||| DROPPING ring of ice.
 15049 | D:10     | 15049 ||| SHOPLISTING amulet of the acrobat (480 gold, have
                  | 232).
 15049 | D:10     | 15049 ||| SHOPLISTING ring "Kaushrom" {rN+ Slay+4} (1427
                  | gold, have 232).
 15049 | D:10     | 15049 ||| SHOPLISTING ring of fire (400 gold, have 232).
 15049 | D:10     | 15049 ||| READING 3 scrolls of teleportation.
 15050 | D:10     | 15050 ||| PLANNING LAIR
 15111 | Lair:1   | Entered Level 1 of the Lair of Beasts
 15183 | Lair:1   | 15183 ||| Stepping ~*~*~tactically~*~*~ (stealth).
 15223 | Lair:1   | 15223 ||| INVOKING Berserk.
 15332 | Lair:1   | 15332 ||| Stepping ~*~*~tactically~*~*~ (stealth).
 15334 | Lair:1   | 15334 ||| Stepping ~*~*~tactically~*~*~ (stealth).
 15335 | Lair:1   | 15335 ||| INVOKING Berserk.
 15400 | Lair:1   | 15400 ||| INVOKING Berserk.
 15414 | Lair:1   | 15414 ||| Stepping ~*~*~tactically~*~*~ (stealth).
 15428 | Lair:1   | Reached skill level 18 in Axes
 15768 | Lair:1   | Noticed Gastronok
 15773 | Lair:1   | 15773 ||| INVOKING Berserk.
 15780 | Lair:1   | Killed Gastronok
 15894 | Lair:1   | Noticed a five-headed hydra
 15895 | Lair:1   | 15895 ||| INVOKING Brothers in Arms.
 15898 | Lair:1   | 15898 ||| SWAPPING to +0 flail.
 15899 | Lair:1   | 15899 ||| INVOKING Berserk.
 15900 | Lair:1   | Killed a five-headed hydra
 15905 | Lair:1   | 15905 ||| SWAPPING to +0 broad axe.
 16138 | Lair:1   | 16138 ||| Stepping ~*~*~tactically~*~*~ (stealth).
 16170 | Lair:1   | 16170 ||| INVOKING Berserk.
 16277 | Lair:1   | Reached skill level 12 in Shields
 16437 | Lair:1   | Noticed a catoblepas
 16438 | Lair:1   | 16438 ||| Stepping ~*~*~tactically~*~*~ (hiding).
 16440 | Lair:1   | 16440 ||| INVOKING Berserk.
 16445 | Lair:1   | Killed a catoblepas
 16449 | Lair:1   | 16449 ||| Stepping ~*~*~tactically~*~*~ (cloud).
 16767 | Lair:1   | 16767 ||| DROPPING amulet of magic regeneration.
 16768 | Lair:1   | 16768 ||| UPGRADING to ring of poison resistance.
 16770 | Lair:1   | 16770 ||| READING scroll labelled WUUBUU HAZE.
 16770 | Lair:1   | Identified a scroll of acquirement
 16770 | Lair:1   | 16770 ||| ACQUIRING +4 broad axe of the Evening {vorpal,
                  | rCorr Str+4 Stlth+}
 16770 | Lair:1   | Acquired the +4 broad axe of the Evening {vorpal, rCorr
                  | Str+4 Stlth+}
 16772 | Lair:1   | 16772 ||| SWAPPING to +4 broad axe of the Evening {vorpal,
                  | rCorr Str+4 Stlth+}.
 16773 | Lair:1   | 16773 ||| DROPPING +0 broad axe.
 16774 | Lair:1   | 16774 ||| READING 3 scrolls of identify.
 16774 | Lair:1   | 16774 ||| IDENTIFYING emerald potion
 16775 | Lair:1   | 16775 ||| READING 2 scrolls of identify.
 16775 | Lair:1   | 16775 ||| IDENTIFYING fuming purple potion
 16776 | Lair:1   | 16776 ||| DROPPING potion of lignification.
 16805 | Lair:2   | Found a staircase to the Swamp.
 16828 | Lair:2   | Found a staircase to the Snake Pit.
 16876 | Lair:2   | Reached skill level 12 in Fighting
 17117 | Lair:2   | 17117 ||| Stepping ~*~*~tactically~*~*~ (stealth).
 17141 | Lair:2   | Noticed a seven-headed hydra
 17142 | Lair:2   | 17142 ||| Stepping ~*~*~tactically~*~*~ (stealth).
 17146 | Lair:2   | 17146 ||| INVOKING Brothers in Arms.
 17147 | Lair:2   | 17147 ||| INVOKING Brothers in Arms.
 17148 | Lair:2   | 17148 ||| INVOKING Brothers in Arms.
 17149 | Lair:2   | 17149 ||| INVOKING Brothers in Arms.
 17150 | Lair:2   | 17150 ||| INVOKING Brothers in Arms.
 17151 | Lair:2   | 17151 ||| INVOKING Brothers in Arms.
 17152 | Lair:2   | 17152 ||| INVOKING Brothers in Arms.
 17153 | Lair:2   | 17153 ||| SWAPPING to +0 flail.
 17154 | Lair:2   | 17154 ||| INVOKING Berserk.
 17157 | Lair:2   | Killed a seven-headed hydra
 17190 | Lair:2   | 17190 ||| SWAPPING to +4 broad axe of the Evening {vorpal,
                  | rCorr Str+4 Stlth+}.
 17370 | Lair:2   | Reached XP level 13. HP: 118/118 MP: 12/12
 17391 | Lair:2   | 17391 ||| Stepping ~*~*~tactically~*~*~ (stealth).
 17920 | Lair:2   | 17920 ||| READING scroll labelled RECEOPRACAO.
 17921 | Lair:2   | 17921 ||| READING 2 scrolls of identify.
 17921 | Lair:2   | 17921 ||| IDENTIFYING viscous cyan potion
 17922 | Lair:2   | 17922 ||| DROPPING potion of invisibility.
 17959 | Lair:3   | 17959 ||| STAIRDANCE
 17965 | Lair:3   | 17965 ||| STAIRDANCE
 18078 | Lair:3   | 18078 ||| STAIRDANCE
 18213 | Lair:3   | Noticed Amaemon
 18217 | Lair:3   | Reached skill level 9 in Armour
 18217 | Lair:3   | 18217 ||| FLEEEEING.
 18218 | Lair:3   | 18218 ||| FLEEEEING.
 18219 | Lair:3   | 18219 ||| FLEEEEING.
 18220 | Lair:3   | 18220 ||| FLEEEEING.
 18221 | Lair:3   | 18221 ||| FLEEEEING.
 18224 | Lair:3   | 18224 ||| INVOKING Berserk.
 18229 | Lair:3   | Killed Amaemon
 18362 | Lair:3   | 18362 ||| DROPPING +0 flail.
 18439 | Lair:3   | 18439 ||| INVOKING Berserk.
 18601 | Lair:3   | 18601 ||| INVOKING Berserk.
 18611 | Lair:3   | 18611 ||| Stepping ~*~*~tactically~*~*~ (stealth).
 18613 | Lair:3   | 18613 ||| Stepping ~*~*~tactically~*~*~ (stealth).
 18805 | Lair:3   | 18805 ||| READING scroll of enchant armour.
 18805 | Lair:3   | 18805 ||| ENCHANTING +1 hat.
 18902 | Lair:3   | 18902 ||| Stepping ~*~*~tactically~*~*~ (stealth).
 19187 | Lair:3   | 19187 ||| READING scroll of enchant armour.
 19187 | Lair:3   | 19187 ||| ENCHANTING +0 pair of boots.
 19246 | Lair:3   | 19246 ||| INVOKING Berserk.
 19255 | Lair:3   | 19255 ||| INVOKING Brothers in Arms.
 19256 | Lair:3   | 19256 ||| INVOKING Brothers in Arms.
 19257 | Lair:3   | 19257 ||| INVOKING Brothers in Arms.
 19258 | Lair:3   | 19258 ||| SWAPPING to -1 demon whip of venom.
 19262 | Lair:3   | 19262 ||| SWAPPING to +4 broad axe of the Evening {vorpal,
                  | rCorr Str+4 Stlth+}.
 19579 | Lair:3   | 19579 ||| UPGRADING to +0 pair of gloves.
 19700 | Lair:4   | 19700 ||| Stepping ~*~*~tactically~*~*~ (stealth).
 19831 | Lair:4   | 19831 ||| INVOKING Berserk.
 19918 | Lair:4   | 19918 ||| Stepping ~*~*~tactically~*~*~ (stealth).
 19997 | Lair:4   | 19997 ||| Stepping ~*~*~tactically~*~*~ (stealth).
 20005 | Lair:4   | Reached skill level 6 in Dodging
 20023 | Lair:4   | Found a snail-covered altar of Cheibriados.
 20068 | Lair:4   | 20068 ||| Stepping ~*~*~tactically~*~*~ (stealth).
 20263 | Lair:4   | 20263 ||| Stepping ~*~*~tactically~*~*~ (stealth).
 20577 | Lair:4   | 20577 ||| DROPPING ring of resist corrosion.
 20591 | Lair:5   | Entered Level 5 of the Lair of Beasts
 20592 | Lair:5   | 20592 ||| STAIRDANCE
 20594 | Lair:4   | 20594 ||| INVOKING Berserk.
 20702 | Lair:5   | 20702 ||| STAIRDANCE
 20704 | Lair:4   | 20704 ||| INVOKING Berserk.
 20755 | Lair:5   | 20755 ||| STAIRDANCE
 20765 | Lair:5   | 20765 ||| STAIRDANCE
 20773 | Lair:5   | 20773 ||| STAIRDANCE
 20871 | Lair:5   | Noticed Sonja
 20891 | Lair:5   | Killed Sonja
 20895 | Lair:5   | 20895 ||| Stepping ~*~*~tactically~*~*~ (stealth).
 20903 | Lair:5   | Reached ***** piety under Trog
 20925 | Lair:5   | 20925 ||| FLEEEEING.
 20927 | Lair:5   | 20927 ||| FLEEEEING.
 20928 | Lair:5   | 20928 ||| FLEEEEING.
 20929 | Lair:5   | 20929 ||| FLEEEEING.
 20935 | Lair:5   | 20935 ||| FLEEEEING.
 20936 | Lair:5   | 20936 ||| FLEEEEING.
 20937 | Lair:5   | 20937 ||| FLEEEEING.
 21075 | Lair:5   | 21075 ||| INVOKING Brothers in Arms.
 21078 | Lair:5   | 21078 ||| INVOKING Berserk.
 21083 | Lair:5   | Reached XP level 14. HP: 132/132 MP: 13/13
 21273 | Lair:5   | 21273 ||| INVOKING Berserk.
 21446 | Lair:5   | 21446 ||| Stepping ~*~*~tactically~*~*~ (stealth).
 21448 | Lair:5   | 21448 ||| Stepping ~*~*~tactically~*~*~ (stealth).
 21450 | Lair:5   | 21450 ||| Stepping ~*~*~tactically~*~*~ (stealth).
 21455 | Lair:5   | 21455 ||| Stepping ~*~*~tactically~*~*~ (stealth).
 21599 | Lair:5   | Found a viscous altar of Jiyva.
 21600 | Lair:5   | Found a staircase to the Slime Pits.
 21626 | Lair:5   | 21626 ||| Stepping ~*~*~tactically~*~*~ (stealth).
 21638 | Lair:5   | Reached skill level 15 in Fighting
 21882 | Lair:5   | 21882 ||| Stepping ~*~*~tactically~*~*~ (stealth).
 21884 | Lair:5   | 21884 ||| Stepping ~*~*~tactically~*~*~ (stealth).
 21886 | Lair:5   | 21886 ||| Stepping ~*~*~tactically~*~*~ (hiding).
 21966 | Lair:5   | 21966 ||| Stepping ~*~*~tactically~*~*~ (stealth).
 21967 | Lair:5   | 21967 ||| Stepping ~*~*~tactically~*~*~ (stealth).
 21981 | Lair:5   | Reached skill level 15 in Shields
 21985 | Lair:5   | 21985 ||| INVOKING Brothers in Arms.
 21986 | Lair:5   | 21986 ||| INVOKING Brothers in Arms.
 21989 | Lair:5   | 21989 ||| INVOKING Berserk.
 22006 | Lair:5   | 22006 ||| INVOKING Brothers in Arms.
 22010 | Lair:5   | HP: 21/135 [dire elephant (19)]
 22011 | Lair:5   | 22011 ||| READING 3 scrolls of teleportation.
 22011 | Lair:5   | HP: 10/135 [dire elephant (11)]
 22011 | Lair:5   | Demolished by a dire elephant

Levels and vault maps discovered:
D:1:      minmay_arrival_arboretum_large, layout_basic, serial_shops, shop,
          nicolae_shop_advertising_works [nicolae_subvault_shop_adworks],
          nicolae_shop_crystal, nicolae_shop_overgrown_old_shop, shop,
          minivault_19
D:2:      layout_loops_ring, uniq_jessica
D:3:      layout_basic, hellmonk_ecumenical_altar_prayer_group, uniq_robin,
          uniq_grinder
D:4:      layout_cave_pods, minmay_temple_entry_antechambers
D:5:      layout_loops_corners, minmay_misc_feat_roman, st_stairs_3,
          goddamned_bats
D:6:      layout_cave_pools, lemuel_zombie_altar_yredelemnul,
          nicolae_zen_rock_garden
D:7:      layout_basic, lemuel_crystal_altar, serial_shops,
          kennysheep_little_box, minmay_misc_feat_columns, the_hattery,
          uniq_pikel
D:8:      layout_basic
D:9:      layout_basic, kennysheep_orc_monster_closet_entryway, serial_shops,
          shop, enter_bailey_6, chequers_serial_rivers_small_b,
          minmay_shop_chei, minmay_quadrilaterals, uniq_harold
D:10:     minmay_skewed_foursquare, layout_loops_ring,
          mainiacjoe_overflow_chevrons, nicolae_take_the_stairs
D:11:     layout_roguey [special_room_kobold], lair_entry_dummy, serial_bayou,
          serial_bayou_pond_e, serial_bayou_pond_c, serial_bayou_pond_d,
          serial_bayou_lake_a, uniq_nergalle
Lair:1:   layout_regular_city, minivault_11, uniq_gastronok
Lair:2:   layout_cave_pods, swamp_mist_pool, guppyfry_snake_entry_garden
Lair:3:   layout_chaotic_city, lemuel_fruit_fields, infiniplex_staircase_pool_2,
          lemuel_fruit_tree, lemuel_fruit_fields, uniq_amaemon
Lair:4:   beast_lair_carwin_large_1, layout_loops_ring, basic_altar,
          kennysheep_rathole
Lair:5:   guppyfry_lair_end_dragon, layout_regular_city,
          hangedman_lair_in_review, slime_entry_1, serial_bayou_shore_a,
          uniq_sonja

Skill      XL: |  1  2  3  4  5  6  7  8  9 10 11 12 13 14 |
---------------+-------------------------------------------+-----
Axes           | 4 5 6 7 8 10 12 14 16 17 18 | 18.0
Fighting       | 6 7 8 9 12 14 15 | 15.0
Armour         | 3 4 6 7 8 11 | 11.0
Shields        | 2 5 10 12 14 15 | 15.0
Throwing       | 2 |  2.2
Dodging        | 3 5 6 |  6.9

Action                   |  1- 3 |  4- 6 |  7- 9 | 10-12 | 13-15 || total
-------------------------+-------+-------+-------+-------+-------++-------
Melee: Hand axe          |   109 |   102 |       |       |       ||   211
       Headbutt          |    10 |    12 |    39 |    83 |    75 ||   219
       Punch             |       |     1 |     2 |       |       ||     3
       Broad axe         |       |    15 |   246 |   438 |   342 ||  1041
       Flail             |       |       |       |     6 |       ||     6
       Demon whip        |       |       |       |       |     3 ||     3
Throw: Boomerang         |       |    14 |       |    13 |       ||    27
Invok: Berserk           |       |     5 |    10 |    25 |    10 ||    50
       Trog's Hand       |       |     1 |       |       |       ||     1
       Brothers in Arms  |       |       |       |     4 |     4 ||     8
  Use: Scroll            |     3 |     8 |     3 |     9 |     5 ||    28
       Potion            |       |     1 |     4 |     2 |       ||     7
Armor: Animal skin       |    10 |       |       |       |       ||    10
       Leather armour    |    12 |     7 |       |       |       ||    19
       Ring mail         |       |    11 |       |       |       ||    11
       Scale mail        |       |     2 |     2 |       |       ||     4
       Chain mail        |       |       |   103 |   151 |   128 ||   382
       Plate armour      |       |       |    29 |    30 |       ||    59
Dodge: Dodged            |    61 |    38 |   110 |   205 |   155 ||   569
       Repelled          |       |       |       |     2 |     2 ||     4
Block: Buckler           |       |       |     1 |    18 |       ||    19
       Kite shield       |       |       |       |   140 |   192 ||   332

Table legend:
 A = Non-vault XP
 B = Vault XP
 C = Vault XP percentage of total XP
 D = Non-vault monster count
 E = Vault monster count
 F = Vault count percentage of total count
                 A         B        C        D         E       F
            +---------+---------+-------+---------+---------+-------
      Total |   57749 |   21408 |  27.0 |     393 |     139 |  26.1
            +---------+---------+-------+---------+---------+-------
        D:1 |      51 |       0 |   0.0 |      29 |       0 |   0.0
        D:2 |      59 |      37 |  38.5 |      31 |       1 |   3.1
        D:3 |     154 |     320 |  67.5 |      21 |      12 |  36.4
        D:4 |     157 |       0 |   0.0 |      21 |       0 |   0.0
        D:5 |     783 |     356 |  31.3 |      24 |      23 |  48.9
        D:6 |    1640 |     101 |   5.8 |      31 |       2 |   6.1
        D:7 |     951 |     878 |  48.0 |      15 |       2 |  11.8
        D:8 |     811 |       0 |   0.0 |      18 |       0 |   0.0
        D:9 |    3991 |    2807 |  41.3 |      20 |      25 |  55.6
       D:10 |    4098 |     373 |   8.3 |      16 |       2 |  11.1
       D:11 |    3797 |    2793 |  42.4 |      13 |      27 |  67.5
     Lair:1 |    8908 |    1507 |  14.5 |      34 |       1 |   2.9
     Lair:2 |    5514 |     492 |   8.2 |      21 |       3 |  12.5
     Lair:3 |    7866 |    1164 |  12.9 |      24 |       2 |   7.7
     Lair:4 |    6001 |    3973 |  39.8 |      32 |      20 |  38.5
     Lair:5 |   12968 |    6607 |  33.8 |      43 |      19 |  30.6
            +---------+---------+-------+---------+---------+-------
